AoeStats
← Culona

Arabia

509957056Analyzed
2v2 RM · 4d ago on Sep 28, 2026· 23m 9s· 4 players
Game mode
Random Map
Map size
Medium (4 player)
Population
200
Speed
Normal
Resources
Standard
Victory
Conquest
Starting age
Dark Age
Ending age
Imperial Age
RankedLock teamsTeams togetherTeam positionsShared explorationLock speedFull tech treeHidden civsTurbo modeCheats
Victory
Defeat
🇦🇷 Sicilians · Argentina
1114
+13
🇮🇳 Chinese · India
1024
+16
🇦🇷 Koreans · Argentina
1058
-15
🇺🇸 Khitans · United States
1018
-14
Culona
1:58 Loom
10:17 Feudal Age
11:04 Double-Bit Axe
11:07 Horse Collar
gbecerro
0:27 Loom
11:32 Feudal Age
12:09 Double-Bit Axe
18:24 Castle Age
17:15 Scale Barding Armor
18:51 Light Cavalry
20:02 Forging
20:27 Husbandry
23:53 Wheelbarrow
Nonails
0:27 Loom
9:34 Feudal Age
10:27 Double-Bit Axe
12:05 Horse Collar
15:44 Fletching
20:05 Gold Mining
23:59 Castle Age
22:31 Padded Archer Armor
ss_nacho
7:08 Loom
9:36 Feudal Age
18:37 Forging
19:35 Town Watch
19:45 Double-Bit Axe
21:54 Wheelbarrow
Connection lost

Rejoining the realm…

Still unreachable

The connection could not be restored.

Session expired

The server has moved on; the page needs a fresh start.